 Dungeon Crawl Stone Soup version 0.28.0-62-gf88900778d (webtiles) character file.

Game seed: 4784043311370005411

58 cbfl8 the Skirmisher (level 3, -9/29 HPs)
             Began as a Demonspawn Fighter on Sept 8, 2023.
             Killed by nerve-wracking pain
             ... invoked by an orc priest
              (13 damage)
             ... on level 3 of the Dungeon.
             The game lasted 00:01:24 (2011 turns).

cbfl8 the Skirmisher (Demonspawn Fighter)           Turns: 2011, Time: 00:01:25

Health: -9/29      AC:  7    Str: 16    XL:     3   Next: 75%
Magic:  3/3        EV: 10    Int:  9    God:
Gold:   85         SH:  5    Dex: 14    Spells: 2/2 levels left

rFire   . . .      SeeInvis .   a - +0 war axe
rCold   . . .      Faith    .   c - +0 buckler
rNeg    . . .      Spirit   .   b - +0 scale mail
rPois   .          Reflect  .   (no helmet)
rElec   .          Harm     .   (no cloak)
rCorr   .          Rampage  .   (no gloves)
Will    .....                   j - +0 pair of boots
Stlth   ..........              (no amulet)
HPRegen 0.09/turn               f - +4 ring of slaying
MPRegen 0.08/turn               (no ring)

@: no status effects
A: repulsion field 1
a: no special abilities


You were on level 3 of the Dungeon.
You visited 1 branch of the dungeon, and saw 3 of its levels.

You collected 85 gold pieces.

Inventory:

Hand Weapons
 a - a +0 war axe (weapon)
Missiles
 h - a throwing net (quivered)
Armour
 b - a +0 scale mail (worn)
 c - a +0 buckler (worn)
 j - a +0 pair of boots (worn)
Jewellery
 f - a +4 ring of slaying (left hand)
Scrolls
 g - a scroll of teleportation
 i - a scroll of holy word {unknown}
Potions
 d - a potion of might


   Skills:
 + Level 3.4 Fighting
 + Level 2.4 Axes
 + Level 3.1 Armour
 + Level 2.9 Shields
 * Level 1.0 Evocations


You had 2 spell levels left.
You didn't know any spells.
Your spell library contained the following spells:

 Spells                   Type           Power      Damage    Failure   Level
 Ensorcelled Hibernation  Hex/Ice        0%         N/A       96%         2
 Passwall                 Tmut/Erth      0%         N/A       96%         2
 Swiftness                Air            0%         N/A       99%         3


Dungeon Overview and Level Annotations

Branches:
Dungeon (3/15)

Altars:


Innate Abilities, Weirdness & Mutations

You are surrounded by a mild repulsion field. (EV +2)


Message History

You closely miss the bat. You block the bat's attack.
A bat is nearby!
The bat closely misses you. x2
A bat is nearby!
You barely miss the bat. The bat closely misses you.
A bat is nearby!
You slash the bat!
You kill the bat!
An orc priest comes into view. It is wielding a +0 flail.
The orc priest shouts!
An orc comes into view. It is wielding a +0 war axe.
An orc comes into view. It is wielding a +0 flail.
There are monsters nearby!
The orc shouts! x2; You hear a shout!
An orc comes into view. It is wielding a +0 hand axe.
There are monsters nearby!
A rat comes into view.
The orc priest calls down the wrath of Beogh upon you.
Beogh smites you!
The rat moves out of view.
There are monsters nearby!
You slash the orc priest!
The orc priest is heavily wounded.
The orc priest mumbles some strange prayers to Beogh against you.
Beogh smites you!
* * * LOW HITPOINT WARNING * * *
The orc priest barely misses you.
You are too injured to fight recklessly!
You feel better. The orc priest barely misses you.
You hit the orc priest.
The orc priest is almost dead.
You slash the orc!
You kill the orc!
The orc priest mumbles some strange prayers to Beogh against you.
Beogh smites you!
* * * LOW HITPOINT WARNING * * *
You hit the orc priest.
The orc priest is almost dead.
The orc priest calls down the wrath of Beogh upon you.
Pain shoots through your body!
You die...

#...# ♣.. .#...# .# ♣..
....+...## ♣..
#...##...## ♣..
#...##.#..## ♣.. .
#...##.#...####'' ...
#...##........>..
.....####...##...####..##
....rooo@........####..##
.#...####...##...........
## #...##...####..##
#...##......#..#
###.##.#.##.#..#
#.##)#.##.#.##
#....#.##.#.#
.######.##.#.#
...........#.#


You could see an orc priest, 2 orcs and a rat.

Vanquished Creatures
  2 adders (D:2)
  A dart slug (D:1)
  An orc (D:3)
  4 bats
  4 endoplasms
  3 giant cockroaches (D:1)
  4 hobgoblins
  4 ball pythons
  A frilled lizard (D:1)
  A goblin (D:1)
  5 kobolds
  6 rats
36 creatures vanquished.

Vanquished Creatures (others)
  3 plants (D:2)
3 creatures vanquished.

Grand Total: 39 creatures vanquished

Notes
Turn   | Place    | Note
-------+----------+-------------------------------------------
     0 | D:1      | cbfl8 the Demonspawn Fighter began the quest for the Orb.
     0 | D:1      | Reached XP level 1. HP: 18/18 MP: 1/1
   363 | D:1      | Gained mutation: You are surrounded by a mild repulsion
                  | field. (EV +2) [demonic ancestry]
   363 | D:1      | Reached XP level 2. HP: 21/24 MP: 2/2
  1399 | D:2      | Reached XP level 3. HP: 24/29 MP: 3/3
  1666 | D:2      | Reached skill level 1 in Evocations
  1832 | D:2      | Found a faded altar of an unknown god.
  2011 | D:3      | Killed from afar by an orc priest

Illustrated notes

Levels and vault maps discovered:
D:1:      dpeg_arrival_boxorama, layout_loops_corners, serial_park_tiny_1,
          chequers_serial_rivers_room_a, grunt_decor_cap
D:2:      layout_loops_ring, dilly_ecumenical_altar_fadedgnrine,
          minmay_misc_feat_secret_circle
D:3:      kennysheep_big_flooded_room, layout_basic,
          nicolae_ru_great_annihilating_truth, uniq_crazy_yiuf_cottage

Skill      XL: |  1  2  3 |
---------------+----------+-----
Axes           | 2 |  2.4
Armour         | 3 |  3.1
Evocations     | 1 |  1.0
Fighting       | |  3.4
Shields        | |  2.9

Action                   || total
-------------------------++-------
Melee: War axe           ||    83
  Use: Scroll            ||     5
       Potion            ||     1
Armor: Scale mail        ||    36
Dodge: Dodged            ||    38
Block: Buckler           ||    21
